 Dungeon Crawl Stone Soup version 0.27-a0-1597-ge58577e147 (webtiles) character file.

Game seed: 2284706790627342795

27 ICC the Skirmisher (level 3, 0/19 HPs)
             Began as a Vine Stalker Fighter on July 21, 2021.
             Slain by a goblin (3 damage)
             ... led by Robin
             ... on level 2 of the Dungeon.
             The game lasted 00:02:14 (887 turns).

ICC the Skirmisher (Vine Stalker Fighter)            Turns: 887, Time: 00:02:14

Health: 0/19       AC:  6    Str: 18    XL:     3   Next: 10%
Magic:  0/7        EV:  7    Int:  9    God:
Gold:   39         SH:  9    Dex: 13    Spells: 6/6 levels left

rFire    . . .     SeeInvis .   a - +0 rapier
rCold    . . .     Faith    .   c - +0 kite shield
rNeg     . . .     Spirit   +   b - +0 scale mail
rPois    .         Reflect  .   (no helmet)
rElec    .         Harm     .   (no cloak)
rCorr    .         Rampage  .   (no gloves)
Will     .....                  (no boots)
Stlth    ..........             (no amulet)
HPRegen  0.06/turn              (no ring)
MPRegen  0.10/turn              (no ring)

@: no status effects
A: fangs 2, magic shield, antimagic bite, no potion heal 2
a: no special abilities


You were on level 2 of the Dungeon.
You visited 1 branch of the dungeon, and saw 2 of its levels.

You collected 39 gold pieces.

Inventory:

Hand Weapons
 a - a +0 rapier (weapon)
Armour
 b - a +0 scale mail (worn)
 c - a +0 kite shield (worn)
Scrolls
 e - a scroll of fog {unknown}
 f - 2 scrolls of teleportation {unknown}
 h - a scroll of identify {unknown}
Potions
 d - a potion of might
 g - a potion of ambrosia {unknown}


   Skills:
 + Level 2.7 Fighting
 * Level 2.0 Short Blades
 * Level 2.5 Armour
 + Level 0.2 Dodging
 + Level 2.7 Shields
 + Level 2.0 Spellcasting


You had 6 spell levels left.
You didn't know any spells.
Your spell library was empty.

Dungeon Overview and Level Annotations

Branches:
Dungeon (2/15)

Altars:

Annotations:
D:2 Robin


Innate Abilities, Weirdness & Mutations

You have extremely sharp teeth.
When hurt, damage is shared between your health and your magic reserves.
Your bite disrupts and absorbs the magic of your enemies.
Potions cannot restore your health.


Message History

You swing at nothing.
The goblin hits you with a +0 club.
You puncture the goblin!
You kill the goblin!
You hit the goblin.
You kill the goblin!
You hit Robin. Your bite misses Robin.
Robin is lightly wounded.
Robin hits you with a +1 falchion of freezing.
Robin freezes you.
You barely miss Robin. You bite Robin. You drain their power.
You feel invigorated.
Robin is lightly wounded.
Robin hits you with a +1 falchion of freezing.
Robin freezes you.
Unknown command.
You hit Robin but do no damage.
Robin is lightly wounded.
Robin hits you with a +1 falchion of freezing.
Robin freezes you. Robin throws the goblin at you!
You barely miss Robin. Your bite misses Robin.
Robin is lightly wounded.
You block the goblin's attack.
Robin roars a battlecry!
The goblin goes into a battle-frenzy!
You hit Robin.
Robin is lightly wounded.
The goblin no longer looks unusually strong.
The goblin hits you but does no damage.
You hit Robin. You bite Robin. You drain their power.
You feel invigorated.
Robin is heavily wounded.
You block the goblin's attack.
Robin hits you with a +1 falchion of freezing.
* * * LOW HITPOINT WARNING * * *
Robin freezes you.
* * * LOW HITPOINT WARNING * * *
The goblin barely misses you. You block Robin's attack.
You hit Robin.
Robin is severely wounded.
The goblin hits you with a +0 club.
You die...

#.# #.# ####.#
####....#
#.......#
#.#.##.##.#
#.#..>....#
#.##....#g# #.
#....#@#
###.##<..##g#
#....#..g.gg#
#....#g.###### #
#.............#
#.#....########.#
#..............
###....###..###
####........#


You could see Robin and 3 goblins.

Vanquished Creatures
  A worm (D:2)
  A bat (D:1)
  An endoplasm (D:1)
  7 goblins
  3 jackals (D:1)
  5 ball pythons (D:1)
  A frilled lizard (D:2)
  A kobold (D:1)
  A rat (D:1)
21 creatures vanquished.

Notes
Turn   | Place    | Note
-------+----------+-------------------------------------------
     0 | D:1      | ICC the Vine Stalker Fighter began the quest for the Orb.
     0 | D:1      | Reached XP level 1. HP: 11/11 MP: 2/2
    89 | D:1      | Reached skill level 1 in Spellcasting
   377 | D:1      | Reached XP level 2. HP: 15/16 MP: 3/5
   853 | D:2      | Reached XP level 3. HP: 14/19 MP: 4/7
   864 | D:2      | Noticed Robin
   887 | D:2      | Slain by a goblin

Illustrated notes

Levels and vault maps discovered:
D:1:      dpeg_arrival_water_fire, layout_loops_ring, hangedman_glass_teeth
D:2:      layout_basic, basic_altar, uniq_robin

Skill      XL: |  1  2 |
---------------+-------+-----
Spellcasting   | 1 2 |  2.0
Short Blades   | 2 |  2.0
Fighting       | |  2.7
Armour         | |  2.5
Dodging        | |  0.2
Shields        | |  2.7

Action                   || total
-------------------------++-------
Melee: Rapier            ||    61
       Bite              ||    15
Armor: Scale mail        ||    27
Dodge: Dodged            ||    12
Block: Kite shield       ||    31

Table legend: (Time is in decaauts)
 A = Elapsed time spent in this place.
 B = Non-inter-level travel time spent in this place.
 C = Inter-level travel time spent in this place.
 D = Time resting spent in this place.
 E = Time spent auto-exploring this place.
 F = Levels seen in this place.
 G = Mean time per level.
                   A        B        C        D        E       F      G
               +--------+--------+--------+--------+--------+-----+--------+
         Total |    916 |    898 |     18 |      0 |    743 |   2 |  458.0 |
       Dungeon |    916 |    898 |     18 |      0 |    743 |   2 |  458.0 |
               +--------+--------+--------+--------+--------+-----+--------+

Top non-repeatable levels by time:
     D:1: 853 daAuts
     D:2: 62 daAuts
